 Dungeon Crawl Stone Soup version 0.20.1-1-g8b1a95d (webtiles) character file.

1484 OneorTwo the Covered (level 8, -3/70 HPs)
             Began as a Minotaur Abyssal Knight on July 25, 2017.
             Was a Priest of Lugonu.
             Slain by an orc
             ... wielding a +0 halberd
              (7 damage)
             ... in a bailey.
             The game lasted 01:08:52 (6906 turns).

OneorTwo the Covered (Minotaur Abyssal Knight)      Turns: 6906, Time: 01:08:53

Health: -3/70      AC: 14    Str: 18    XL:     8   Next: 50%
Magic:  8/8        EV:  8    Int:  9    God:    Lugonu [***...]
Gold:   419        SH:  0    Dex: 11    Spells: 7/7 levels left

rFire    + . .     SeeInvis .   E - -2 mace (curse)
rCold    . . .     Gourm    .   (no shield)
rNeg     . . .     Faith    .   n - +0 chain mail
rPois    .         Spirit   .   (helmet unavailable)
rElec    .         Reflect  .   (no cloak)
rCorr    .         Harm     .   j - +2 pair of gloves
MR       .....                  (no boots)
Stlth    ..........             u - amulet of regeneration
Regen    0.7/turn               J - ring of protection from fire
MPRegen  0.2/turn               e - ring of flight (curse)

@: no status effects
A: retaliatory headbutt, hooves 1, horns 3
a: Depart the Abyss, Bend Space, Banish, Renounce Religion, Evoke Flight


You were in a bailey.
You worshipped Lugonu.
Lugonu was most pleased with you.
You were not hungry.

You visited 2 branches of the dungeon, and saw 8 of its levels.
You visited the Abyss 1 time.
You also visited: Bailey.

You collected 419 gold pieces.

Inventory:

Hand Weapons
 a - a +3 falchion
 b - a +0 flail of protection
 i - a +1 dagger of distortion
 E - a cursed -2 mace (weapon)
Missiles
 f - 221 stones
 l - 89 arrows
 o - 30 bolts
 s - 14 tomahawks (quivered)
 y - 35 sling bullets
 M - 3 large rocks
Armour
 j - a +2 pair of gloves (worn)
 n - a +0 chain mail (worn)
 q - a +0 robe of magic resistance
 U - a +0 leather armour of fire resistance
Jewellery
 e - a cursed ring of flight (right hand)
 u - an amulet of regeneration (around neck)
 A - an uncursed ring of ice
 J - a ring of protection from fire (left hand)
 O - an uncursed ring of see invisible
Wands
 z - a wand of enslavement (12/24)
 T - a wand of flame (18/48)
Scrolls
 d - 3 scrolls of amnesia
 p - a scroll of recharging
 F - 2 scrolls of noise
 L - 3 scrolls of blinking
 Q - a scroll of immolation
Potions
 w - a potion of agility
 K - 2 potions of flight
 R - 2 potions of heal wounds
 W - a potion of brilliance
Books
 m - a book of Callings

   Spells                             Type                      Level
   a - Summon Small Mammal            Summoning                    1
   b - Call Imp                       Summoning                    2
   c - Call Canine Familiar           Summoning                    3
   d - Summon Guardian Golem          Hexes/Summoning              3
   e - Summon Lightning Spire         Summoning/Air                4
   f - Summon Ice Beast               Ice/Summoning                4
 r - a book of Maledictions

   Spells                             Type                      Level
   a - Corona                         Hexes                        1
   b - Ensorcelled Hibernation        Hexes/Ice                    2
   c - Confuse                        Hexes                        3
   d - Tukima's Dance                 Hexes                        3
   e - Dazzling Spray                 Conjuration/Hexes            3
 N - the Collected Works on Dark Rituals and Clay
   (You found it on level 4 of the Dungeon)

   Spells                             Type                      Level
   a - Passwall                       Transmutation/Earth          2
   b - Leda's Liquefaction            Hexes/Earth                  4
   c - Excruciating Wounds            Charms/Necromancy            5
   d - Bolt of Draining               Conjuration/Necromancy       5
Comestibles
 c - 4 bread rations
 g - 10 chunks of flesh
 h - 3 royal jellies
 k - 5 meat rations
 Z - a fruit


   Skills:
 + Level 6.2 Fighting
 * Level 7.0 Long Blades
 + Level 2.2 Maces & Flails
   Level 1.5 Crossbows
 + Level 3.3 Throwing
 + Level 7.7 Armour
 + Level 2.2 Dodging
 - Level 1.9 Invocations


You had 7 spell levels left.
You didn't know any spells.

Dungeon Overview and Level Annotations

Branches:
Dungeon (7/15)             Temple (1/1) D:4

Altars:
Ashenzari
Cheibriados
Dithmenos
Elyvilon
Fedhas
Gozag
Kikubaaqudgha
Nemelex Xobeh
Qazlal
Ru
Vehumet
Yredelemnul
The Shining One

Shops:
D:5 (


Innate Abilities, Weirdness & Mutations

You reflexively headbutt those who attack you in melee.
You have a pair of large horns on your head.
You have large cloven feet.


Message History

The orc warrior hits you from afar with a trident!
* * * LOW HITPOINT WARNING * * *
You feel better.
The orc warrior hits you from afar with a halberd.
The orc warrior hits you with a hand axe.
The orc hits you but does no damage. The orc barely misses you. x2
The orc hits you from afar with a halberd.
* * * LOW HITPOINT WARNING * * *
You hit the orc warrior.
You kick the orc warrior, but do no damage.
The orc warrior is heavily wounded.
The orc warrior hits you but does no damage.
The orc warrior closely misses you. The orc hits you but does no damage.
The orc warrior hits you from afar with a halberd!
* * * LOW HITPOINT WARNING * * *
The orc hits you from afar with a halberd.
* * * LOW HITPOINT WARNING * * *
The orc hits you but does no damage.
The orc hits you from afar with a halberd!
You die...

#(......#
#.......#
#(......#
#(......#
#o.(....#
#oo.....#
#ooo....#
#)oo....#
#@.oo..∩#
#..o....#
##..∩..##
#######


You could see 3 orc warriors and 8 orcs.

Vanquished Creatures
  Edmund (D:6)
  2 ogres (D:5)
  A bullfrog (D:7)
  A water moccasin zombie (D:6)
  A scorpion (D:4)
  4 howler monkeys
  2 crimson imps (D:5)
  3 hounds
  8 orc wizards
  An orc priest (D:5)
  A jelly (D:7)
  3 iguanas
  Jessica (D:2)
  5 worker ants
  8 adders
  2 shadow imps (D:5)
  An ooze (D:4)
  An adder skeleton (D:2)
  A worm (D:3)
  2 dart slugs
  4 leopard geckos
  17 orcs
  6 giant cockroaches
  17 goblins
  6 hobgoblins
  6 jackals
  4 quokkas
  A ball python (D:2)
  5 bats
  7 frilled lizards
  A giant cockroach zombie (D:5)
  A jackal skeleton (D:5)
  8 kobolds
  6 rats
  A spectral orc (D:4)
139 creatures vanquished.

Notes
Turn   | Place    | Note
-------+----------+-------------------------------------------
     0 | Abyss:1  | OneorTwo the Minotaur Abyssal Knight began the quest for the Orb.
     0 | Abyss:1  | Reached XP level 1. HP: 19/19 MP: 1/1
     8 | D:1      | Escaped the Abyss
   357 | D:1      | Reached * piety under Lugonu
   429 | D:1      | Reached XP level 2. HP: 27/27 MP: 2/2
  1280 | D:2      | Found a transporter.
  1280 | D:2      | Noticed a howler monkey
  1286 | D:2      | Noticed Jessica
  1292 | D:2      | Killed Jessica
  1292 | D:2      | Reached XP level 3. HP: 34/34 MP: 3/3
  1304 | D:2      | Found a transporter.
  1313 | D:2      | Found a shattered altar of Ashenzari.
  1553 | D:2      | Reached XP level 4. HP: 27/41 MP: 4/4
  2195 | D:3      | Reached XP level 5. HP: 42/47 MP: 5/5
  2196 | D:3      | Reached ** piety under Lugonu
  3112 | D:4      | Found a shadowy altar of Dithmenos.
  3129 | D:4      | Reached skill level 5 in Armour
  3236 | D:4      | Reached XP level 6. HP: 39/55 MP: 4/6
  3260 | D:4      | Reached skill level 1 in Crossbows
  3272 | D:4      | Reached skill level 5 in Fighting
  3791 | D:4      | Found a staircase to the Ecumenical Temple.
  3798 | D:4      | Reached *** piety under Lugonu
  3810 | Temple   | Entered the Ecumenical Temple
  4230 | D:4      | Identified the Collected Works on Dark Rituals and Clay
  4740 | D:4      | Found a basalt altar of Yredelemnul.
  4743 | D:4      | Reached XP level 7. HP: 61/61 MP: 7/7
  4793 | D:5      | Entered Level 5 of the Dungeon
  4805 | D:5      | Reached skill level 5 in Long Blades
  5032 | D:5      | Found a shadowy altar of Dithmenos.
  5150 | D:5      | Reached skill level 1 in Throwing
  5336 | D:5      | Found a radiant altar of Vehumet.
  5412 | D:5      | Gained mutation: You have large cloven feet. [potion of mutation]
  5412 | D:5      | Gained mutation: You have a pair of large horns on your head. [potion of mutation]
  5524 | D:5      | Found Okhliot's Antique Weapon Emporium.
  6263 | D:6      | Reached XP level 8. HP: 70/70 MP: 8/8
  6509 | D:6      | Noticed Edmund
  6525 | D:6      | Killed Edmund
  6525 | D:6      | Reached skill level 1 in Maces & Flails
  6871 | D:7      | Found a flagged portal.
  6885 | Bailey   | Entered a bailey
  6906 | Bailey   | Slain by an orc

Skill      XL: |  1  2  3  4  5  6  7  8 |
---------------+-------------------------+-----
Fighting       | 4 5 6 |  6.2
Armour         | 3 4 5 6 7 |  7.7
Long Blades    | 3 4 6 7 |  7.0
Dodging        | 2 |  2.2
Crossbows      | 1 |  1.5
Throwing       | 2 3 |  3.3
Maces & Flails | 2 |  2.2
Invocations    | |  1.9

Action                   |  1- 3 |  4- 6 |  7- 9 || total
-------------------------+-------+-------+-------++-------
Melee: Falchion          |    67 |   124 |    54 ||   245
       Headbutt          |    13 |    26 |    17 ||    56
       Hand crossbow     |       |    50 |       ||    50
       Mace              |       |       |    91 ||    91
       Kick              |       |       |    25 ||    25
 Fire: Hand crossbow     |       |    89 |       ||    89
Throw: Tomahawk          |       |     2 |    78 ||    80
Invok: Depart the Abyss  |     1 |       |       ||     1
       Bend Space        |       |     2 |       ||     2
Evoke: Wand              |       |       |     3 ||     3
  Use: Scroll            |     4 |     8 |     3 ||    15
       Potion            |       |     4 |     7 ||    11
  Eat: Chunk             |     2 |     6 |     2 ||    10
       Meat ration       |       |     1 |       ||     1
       Bread ration      |       |       |     1 ||     1
Armor: Leather armour    |    16 |       |       ||    16
       Chain mail        |    18 |   261 |   100 ||   379
Dodge: Dodged            |    19 |   102 |    87 ||   208
       Rpst.: Falchion   |     7 |     7 |     7 ||    21
